 Dungeon Crawl Stone Soup version 0.29.0-11-gd7f09526c8 (webtiles) character file.

Game seed: 3126764082636788569

221 Brisketman the Ducker (level 6, -1/41 HPs)
             Began as a Human Ice Elementalist on Sept 5, 2022.
             Killed by nerve-wracking pain
             ... invoked by an orc priest
              (9 damage)
             ... on level 3 of the Dungeon.
             The game lasted 00:28:05 (3415 turns).

Brisketman the Ducker (Human Ice Elementalist)      Turns: 3415, Time: 00:28:05

Health: -1/41      AC:  2    Str: 14    XL:     6   Next: 18%
Magic:  8/9        EV: 15    Int: 15    God:
Gold:   180        SH:  0    Dex: 16    Spells: 8/9 levels left

rFire   . . .      SeeInvis .   h - +2 dagger (venom)
rCold   . . .      Faith    .   (no shield)
rNeg    . . .      Spirit   .   a - +0 robe
rPois   .          Reflect  .   (no helmet)
rElec   .          Harm     .   (no cloak)
rCorr   .          Rampage  .   (no gloves)
Will    .....                   (no boots)
Stlth   ++........              (no amulet)
HPRegen 0.13/turn               j - +6 ring of strength
MPRegen 0.11/turn               (no ring)

@: no status effects
A: no striking features
a: no special abilities


You were on level 3 of the Dungeon.
You visited 1 branch of the dungeon, and saw 3 of its levels.

You collected 180 gold pieces.

Inventory:

Hand Weapons
 h - a +2 dagger of venom (weapon)
Missiles
 g - 4 datura-tipped darts
Armour
 a - a +0 robe (worn)
Jewellery
 j - a +6 ring of strength (left hand)
Wands
 c - a wand of quicksilver (10)
Scrolls
 f - a scroll of immolation {unknown}
 i - a scroll of vulnerability {unknown}
 l - a scroll of enchant weapon {unknown}
 m - a scroll of teleportation {unknown}
Potions
 b - a potion of magic
 d - 2 potions of heal wounds {unknown}
 e - 2 potions of lignification
 k - a potion of attraction
 n - a potion of might {unknown}
 o - a potion of haste {unknown}


   Skills:
 + Level 5.9 Dodging
 - Level 2.1 Stealth
 - Level 2.0 Spellcasting
 - Level 4.0 Ice Magic


You had 8 spell levels left.
You knew the following spells:

 Your Spells              Type           Power      Damage    Failure   Level
a - Freeze                Ice            52%        1d7       4%          1

Your spell library contained the following spells:

 Spells                   Type           Power      Damage    Failure   Level
 Frozen Ramparts          Ice            26%        1d4       13%         3
 Ozocubu's Armour         Ice            13%        N/A       13%         3
 Foxfire                  Conj/Fire      4%         2x1d4     22%         1
 Confusing Touch          Hex            1%         N/A       54%         3
 Conjure Flame            Conj/Fire      1%         6-21      54%         3
 Inner Flame              Hex/Fire       1%         N/A       54%         3
 Hailstorm                Conj/Ice       7%         3d4       67%         4
 Flame Wave               Conj/Fire      1%         2d4       91%         4
 Yara's Violent Unravell  Hex/Tmut       0%         3d3       99%         5
 Enfeeble                 Hex            0%         N/A       100%        7
 Ozocubu's Refrigeration  Ice            6%         4d8       100%        7


Dungeon Overview and Level Annotations

Branches:
Dungeon (3/15)

Altars:
Uskayaw
Xom

Shops:
D:1 !([:


Message History

The orc priest misses you.
You hit the orc priest.
The orc priest looks as sick as possible!
The orc priest is severely wounded.
The orc priest closely misses you.
You barely miss the orc priest.
The orc priest is severely wounded.
The orc priest barely misses you.
You hit the orc priest.
You kill the orc priest!
Things that are here:
a +0 club; a +0 whip; a +0 ring mail The orc priest shouts!
The orc priest mumbles some strange prayers to Beogh against you.
Beogh smites you!
There is an open door here.
The orc priest hits you with a +0 mace.
You barely miss the orc priest. The orc priest barely misses you.
You closely miss the orc priest.
The orc priest mumbles some strange prayers to Beogh against you.
Pain shoots through your body!
You hit the orc priest but do no damage.
The orc priest is poisoned.
The orc priest hits you with a +0 mace!
* * * LOW HITPOINT WARNING * * *
You barely miss the orc priest.
The orc priest is lightly wounded.
The orc priest closely misses you.
Casting: Freeze (safe; 4% risk of failure)
Confirm with . or Enter, or press ? or * to list all spells.
Aiming: Freeze (safe; 4% risk of failure)
Press: ? - help, Shift-Dir - straight line, f - orc priest
Aim: an orc priest, wielding a +0 mace and wearing a +2 leather armour of fire resistance (lightly wounded, very poisoned)
You freeze the orc priest.
The orc priest is moderately wounded.
The orc priest barely misses you.
You hit the orc priest but do no damage.
The orc priest is heavily wounded.
The orc priest mumbles some strange prayers to Beogh against you.
Pain shoots through your body!
You die...

).....#
#............###
########
###########..#
.......### #..#
####.....# #..# ###
####†....## ####..#
#.. ..........#
##..$##.# ###.#
####..<...#
###.8$8$#.######....
#......#
#.'..$$_#..........#
#####..#
#)#@8.8.#.######.###
#..# #.##o..##.# #)#
#..# #.#######.# #.#
#..####.........#
#.#
#..#.........####
#.# #..#.##.####.#
#.# #..#.##.#
#.#########.#
#..#.##.#
#...........#
########....##.#
#############


You could see an orc priest (very poisoned).

Vanquished Creatures
  An orc priest (D:3)
  Ijyb (D:3)
  Natasha (thrice) (D:2)
  4 adders
  A worm (D:3)
  A dart slug (D:1)
  4 orcs (D:3)
  5 ball pythons
  7 bats
  7 endoplasms
  3 giant cockroaches
  4 goblins
  4 hobgoblins
  2 kobolds
  A quokka (D:2)
  2 rats
50 creatures vanquished.

Vanquished Creatures (others)
  A withered plant (D:1)
1 creature vanquished.

Grand Total: 51 creatures vanquished

Notes
Turn   | Place    | Note
-------+----------+-------------------------------------------
     0 | D:1      | Brisketman the Human Ice Elementalist began the quest for
                  | the Orb.
     0 | D:1      | Reached XP level 1. HP: 13/13 MP: 3/3
    88 | D:1      | Found Boorhohe's Distillery.
   191 | D:1      | Reached XP level 2. HP: 9/19 MP: 0/5
   350 | D:1      | Found Koku Afa's Antique Weapon Emporium.
   352 | D:1      | Found a faded altar of an unknown god.
   642 | D:1      | Found Peonore's Book Shop.
  1002 | D:1      | Found Onuseo's Armour Emporium.
  1011 | D:1      | Reached skill level 3 in Dodging
  1111 | D:2      | Reached XP level 3. HP: 14/24 MP: 2/6
  1630 | D:2      | Noticed Natasha
  1642 | D:2      | Killed Natasha
  1643 | D:2      | Reached skill level 4 in Dodging
  1643 | D:2      | Reached XP level 4. HP: 20/30 MP: 4/7
  1705 | D:2      | Noticed Natasha
  1728 | D:2      | Killed Natasha
  1951 | D:2      | Reached XP level 5. HP: 27/35 MP: 8/8
  2201 | D:2      | Noticed Natasha
  2208 | D:2      | Killed Natasha
  2209 | D:2      | Reached skill level 5 in Dodging
  2588 | D:3      | Noticed Ijyb
  2600 | D:3      | Killed Ijyb
  2861 | D:3      | Found a hide-covered altar of Uskayaw.
  3145 | D:3      | Found a shimmering altar of Xom.
  3145 | D:3      | Found a shimmering altar of Xom.
  3145 | D:3      | Found a shimmering altar of Xom.
  3149 | D:3      | Found a shimmering altar of Xom.
  3175 | D:3      | Found a shimmering altar of Xom.
  3175 | D:3      | Found a shimmering altar of Xom.
  3179 | D:3      | Found a shimmering altar of Xom.
  3232 | D:3      | Reached XP level 6. HP: 41/41 MP: 9/9
  3415 | D:3      | Killed from afar by an orc priest

Illustrated notes

Levels and vault maps discovered:
D:1:      reono_arrival_forest_river, layout_basic, serial_shops,
          nicolae_shop_trees, shop, nicolae_shop_stone, shop,
          ebering_ecumenical_altar_petrified
D:2:      layout_rooms, uniq_natasha
D:3:      layout_loops_ring, xom_redecorated, amcnicky_altar_gilded,
          minmay_misc_feat_enclosed, kennysheep_orc_chapel, uniq_ijyb

Skill      XL: |  1  2  3  4  5 |
---------------+----------------+-----
Dodging        | 3 4 5 |  5.9
Stealth        | |  2.1
Spellcasting   | |  2.0
Ice Magic      | |  4.0

Action                   |  1- 3 |  4- 6 || total
-------------------------+-------+-------++-------
Melee: Short sword       |    60 |    26 ||    86
       Dagger            |       |    39 ||    39
       Punch             |       |     1 ||     1
 Cast: Freeze            |    26 |    26 ||    52
  Use: Scroll            |     5 |     1 ||     6
 Stab: Sleeping          |     1 |     1 ||     2
Armor: Robe              |    10 |     2 ||    12
Dodge: Dodged            |    52 |    60 ||   112
